 Dungeon Crawl Stone Soup version 0.22-a0-346-ga7143740d5 (webtiles) character file.

238 Kriby the Insei (level 6, -3/50 HPs)
             Began as a Gnoll Wanderer on Apr 6, 2018.
             Succumbed to an orc wizard's poison
             ... on level 3 of the Dungeon.
             The game lasted 00:05:43 (4360 turns).

Kriby the Insei (Gnoll Wanderer)                    Turns: 4360, Time: 00:05:43

Health: -3/50      AC:  9    Str: 13    XL:     6   Next: 7%
Magic:  10/10      EV: 11    Int: 16    God:
Gold:   78         SH:  0    Dex: 21    Spells: 11/11 levels left

rFire    . . .     SeeInvis .   a - +2 quarterstaff
rCold    . . .     Gourm    .   (shield currently unavailable)
rNeg     . . .     Faith    .   k - +1 chain mail
rPois    .         Spirit   .   (no helmet)
rElec    .         Reflect  .   (no cloak)
rCorr    .         Harm     .   (no gloves)
MR       .....                  (no boots)
Stlth    ..........             (no amulet)
HPRegen  0.16/turn              (no ring)
MPRegen  0.12/turn              (no ring)

@: agile, lethally poisoned (-3 -> -55)
A: distributed training, fangs 1, strong nose
a: no special abilities


You were on level 3 of the Dungeon.
You were not hungry.

You visited 1 branch of the dungeon, and saw 4 of its levels.

You collected 78 gold pieces.

Inventory:

Hand Weapons
 a - a +2 quarterstaff (weapon)
 b - a +0 hunting sling
 o - a +0 spear
 q - a +2 dagger of venom
 t - a +0 dagger
Missiles
 c - 29 stones (quivered)
 j - 32 sling bullets
Armour
 e - a +0 robe
 k - a +1 chain mail (worn)
Scrolls
 f - 2 scrolls of blinking
 h - a scroll of identify
 i - a scroll of teleportation
 p - a scroll of fog
 s - 2 scrolls of remove curse
Potions
 l - a potion of flight
 m - a potion of brilliance
 n - a potion of might
Comestibles
 d - 4 chunks of flesh
 g - 11 rations


   Skills:
 + Level 4.9 Fighting
 + Level 1.7 Short Blades
 + Level 1.7 Long Blades
 + Level 1.7 Axes
 + Level 1.7 Maces & Flails
 + Level 1.7 Polearms
 + Level 1.7 Staves
 + Level 1.7 Slings
 + Level 1.7 Bows
 + Level 1.7 Crossbows
 + Level 3.1 Throwing
 + Level 1.7 Armour
 + Level 1.7 Dodging
 + Level 1.7 Stealth
 + Level 1.7 Shields
 + Level 6.7 Unarmed Combat
 + Level 3.3 Spellcasting
 + Level 1.3 Conjurations
 + Level 1.3 Hexes
 + Level 1.3 Charms
 + Level 1.3 Summonings
 + Level 4.0 Necromancy
 + Level 1.3 Translocations
 + Level 1.3 Transmutations
 + Level 1.3 Fire Magic
 + Level 1.3 Ice Magic
 + Level 1.3 Air Magic
 + Level 1.3 Earth Magic
 + Level 1.3 Poison Magic
 + Level 2.0 Invocations
 + Level 3.1 Evocations


You had 11 spell levels left.
You didn't know any spells.

Dungeon Overview and Level Annotations

Branches:
Dungeon (4/15)
 Temple: D:4-7

Altars:


Innate Abilities, Weirdness & Mutations

Your experience applies equally to all skills.
You have very sharp teeth.
Your uncanny sense of smell can sniff out nearby items.


Message History

Reactivating autopickup.
Your Invocations skill increases to level 2!
You have reached level 6!
Your experience leads to an increase in your attributes!
Increase (S)trength, (I)ntelligence, or (D)exterity?
You feel stronger.
You feel a bit more experienced.
* * * LOW HITPOINT WARNING * * *
You feel extremely sick.
It was a potion of agility.
You feel agile all of a sudden.
* * * LOW HITPOINT WARNING * * *
You feel very sick.
* * * LOW HITPOINT WARNING * * *
You feel very sick.
Things that are here:
a dagger of venom; a robe; an orc corpse
Okay, then.
q - a dagger of venom You die...

### ##########.#
#..........# #..........#
#..........#
#####).........#####
#..@>...............
#.##.............#.#
#)##.............#.#
#.##.............#.#
########.##.............#.#
##.......)##.#######.....#.#
#.........##.#######.....#.#
#.........##.......#.#.#.#.#
#.........##.......#.#.#.#.#


There were no monsters in sight!

Vanquished Creatures
  A hound (D:4)
  2 orc wizards
  5 adders
  2 oozes
  2 worms
  5 dart slugs
  2 leopard geckos (D:3)
  7 orcs
  3 ball pythons
  2 giant cockroaches (D:1)
  8 goblins
  14 hobgoblins
  2 jackals (D:1)
  6 kobolds
  A quokka (D:4)
  6 bats
  5 frilled lizards
  A quokka skeleton (D:2)
  13 rats
87 creatures vanquished.

Notes
Turn   | Place    | Note
-------+----------+-------------------------------------------
     0 | D:1      | Kriby the Gnoll Wanderer began the quest for the Orb.
     0 | D:1      | Kriby set off with: a scroll of blinking, a potion of berserk rage, a potion of lignification, a +0 robe, a +0 dagger, a ration
     0 | D:1      | Reached XP level 1. HP: 20/20 MP: 4/4
   307 | D:1      | Reached XP level 2. HP: 26/26 MP: 5/5
  1003 | D:1      | Reached XP level 3. HP: 31/31 MP: 7/7
  1454 | D:1      | Reached skill level 1 in Invocations
  1626 | D:2      | HP: 2/46 [poisoned by an adder]
  1633 | D:2      | HP: 1/46 [poisoned by an adder]
  2069 | D:2      | Reached skill level 1 in Short Blades
  2069 | D:2      | Reached skill level 1 in Long Blades
  2069 | D:2      | Reached skill level 1 in Axes
  2069 | D:2      | Reached skill level 1 in Maces & Flails
  2069 | D:2      | Reached skill level 1 in Polearms
  2069 | D:2      | Reached skill level 1 in Staves
  2069 | D:2      | Reached skill level 1 in Slings
  2069 | D:2      | Reached skill level 1 in Bows
  2069 | D:2      | Reached skill level 1 in Crossbows
  2069 | D:2      | Reached skill level 1 in Armour
  2069 | D:2      | Reached skill level 1 in Dodging
  2069 | D:2      | Reached skill level 1 in Stealth
  2069 | D:2      | Reached skill level 1 in Shields
  2069 | D:2      | Reached XP level 4. HP: 26/38 MP: 8/8
  3185 | D:3      | Reached skill level 1 in Conjurations
  3185 | D:3      | Reached skill level 1 in Hexes
  3185 | D:3      | Reached skill level 1 in Charms
  3185 | D:3      | Reached skill level 1 in Summonings
  3185 | D:3      | Reached skill level 1 in Translocations
  3185 | D:3      | Reached skill level 1 in Transmutations
  3185 | D:3      | Reached skill level 1 in Fire Magic
  3185 | D:3      | Reached skill level 1 in Ice Magic
  3185 | D:3      | Reached skill level 1 in Air Magic
  3185 | D:3      | Reached skill level 1 in Earth Magic
  3185 | D:3      | Reached skill level 1 in Poison Magic
  3545 | D:3      | Reached XP level 5. HP: 18/43 MP: 9/9
  4357 | D:3      | Reached XP level 6. HP: 16/50 MP: 10/10
  4359 | D:3      | HP: 1/50 [poisoned by an orc wizard]
  4360 | D:3      | Succumbed to an orc wizard's poison

Vault maps used:
D:1:      shiori_arrival_oz
D:3:      serial_bayou_crossing
D:4:      nicolae_dithmenos_the_darkroom, temple_doors_ab,
          minmay_misc_feat_alley, nemelex_spade_bored_becter

Skill      XL: |  1  2  3  4  5 |
---------------+----------------+-----
Invocations    | 1 2 |  2.0
Short Blades   | 1 |  1.7
Long Blades    | 1 |  1.7
Axes           | 1 |  1.7
Maces & Flails | 1 |  1.7
Polearms       | 1 |  1.7
Staves         | 1 |  1.7
Slings         | 1 |  1.7
Bows           | 1 |  1.7
Crossbows      | 1 |  1.7
Armour         | 1 |  1.7
Dodging        | 1 |  1.7
Stealth        | 1 |  1.7
Shields        | 1 |  1.7
Spellcasting   | 3 |  3.3
Conjurations   | 1 |  1.3
Hexes          | 1 |  1.3
Charms         | 1 |  1.3
Summonings     | 1 |  1.3
Translocations | 1 |  1.3
Transmutations | 1 |  1.3
Fire Magic     | 1 |  1.3
Ice Magic      | 1 |  1.3
Air Magic      | 1 |  1.3
Earth Magic    | 1 |  1.3
Poison Magic   | 1 |  1.3
Throwing       | 3 |  3.1
Evocations     | 3 |  3.1
Necromancy     | 4 |  4.0
Fighting       | |  4.9
Unarmed Combat | |  6.7

Action                   |  1- 3 |  4- 6 || total
-------------------------+-------+-------++-------
Melee: Dagger            |   159 |    91 ||   250
       Bite              |    21 |    21 ||    42
       Punch             |     4 |       ||     4
       Unarmed           |     3 |       ||     3
       Spear             |       |     3 ||     3
       Quarterstaff      |       |    74 ||    74
 Fire: Hunting sling     |       |    79 ||    79
  Use: Potion            |     3 |     3 ||     6
       Scroll            |     3 |     6 ||     9
 Stab: Sleeping          |     5 |       ||     5
  Eat: Chunk             |     3 |     8 ||    11
Armor: Robe              |    20 |       ||    20
       Chain mail        |    73 |   121 ||   194
Dodge: Dodged            |    75 |    47 ||   122

Table legend:
 A = Spawn XP
 B = Non-spawn XP
 C = Spawn XP percentage of total XP
 D = Spawn monster count
 E = Non-spawn monster count
 F = Spawn count percentage of total count
 G = Total turns spent on level
                    A         B        C        D         E        F      G
               +---------+---------+-------+---------+---------+-------+---------
         Total |       0 |     340 |   0.0 |       0 |      87 |   0.0 |  4360
               +---------+---------+-------+---------+---------+-------+---------
           D:1 |       0 |      57 |   0.0 |       0 |      33 |   0.0 |  1554
           D:2 |       0 |      46 |   0.0 |       0 |      11 |   0.0 |  1258
           D:3 |       0 |     129 |   0.0 |       0 |      34 |   0.0 |  1350
           D:4 |       0 |     108 |   0.0 |       0 |       9 |   0.0 |   198
               +---------+---------+-------+---------+---------+-------+---------
